 Dungeon Crawl Stone Soup version 0.27-a0-1591-gc56fcc985a (webtiles) character file.

Game seed: 10430023503421608859

16 flotson the Sneak (level 2, -1/24 HPs)
             Began as a Demonspawn Delver on July 19, 2021.
             Engulfed by a cloud of flame (9 damage)
             ... on level 4 of the Dungeon.
             The game lasted 00:00:32 (59 turns).

flotson the Sneak (Demonspawn Delver)                 Turns: 59, Time: 00:00:33

Health: -1/24      AC:  3    Str: 12    XL:     2   Next: 41%
Magic:  2/2        EV: 12    Int: 11    God:
Gold:   12         SH:  0    Dex: 14    Spells: 1/1 levels left

rFire    + . .     SeeInvis .   a - +0 hand axe
rCold    + . .     Faith    .   (no shield)
rNeg     . . .     Spirit   .   b - +0 leather armour
rPois    +         Reflect  .   (helmet restricted)
rElec    +         Harm     .   (no cloak)
rCorr    +         Rampage  .   (no gloves)
Will     .....                  (no boots)
Stlth    ++........             (no amulet)
HPRegen  0.08/turn              (no ring)
MPRegen  0.08/turn              (no ring)

@: resistant
A: horns 1
a: no special abilities


You were on level 4 of the Dungeon.
You visited 1 branch of the dungeon, and saw 2 of its levels.

You collected 12 gold pieces.

Inventory:

Hand Weapons
 a - a +0 hand axe (weapon)
Armour
 b - a +0 leather armour (worn)
Wands
 g - a wand of digging (3)
Scrolls
 c - a scroll of fog
 e - a scroll of fear
Potions
 f - a potion of haste


   Skills:
 + Level 3.2 Fighting
 + Level 2.1 Axes
 + Level 0.7 Armour
 + Level 2.0 Dodging
 - Level 4.5 Stealth


You had one spell level left.
You didn't know any spells.
Your spell library was empty.

Dungeon Overview and Level Annotations

Branches:
Dungeon (5/15)
 Temple: D:4-7

Altars:

Annotations:
D:4 1 transporter


Innate Abilities, Weirdness & Mutations

You have a pair of small horns on your head.


Message History

No target in view!
Things that are here:
a +0 short sword; a kobold corpse
As you read the scroll of magic mapping, it crumbles to dust.
You feel aware of your surroundings.
You sensed 1 altar, and 2 shops/portals.
A hound skeleton comes into view.
You hit the hound skeleton.
The hound skeleton is moderately damaged.
The hound skeleton bites you but does no damage.
You slash the hound skeleton!
The hound skeleton is heavily damaged.
The hound skeleton closely misses you. The hound skeleton bites you.
You slash the hound skeleton!
The hound skeleton is almost destroyed.
The hound skeleton completely misses you.
You slash the hound skeleton!
You destroy the hound skeleton!
Your Axes skill increases to level 2!
Your Dodging skill increases to level 2!
You have reached level 2!
You feel monstrous as your demonic heritage exerts itself.
Your demonic ancestry asserts itself...
A pair of horns grows on your head!
Found a transporter.
Found a potion of resistance.
An orc comes into view. It is wielding a +0 dagger.
There is a transporter here.
You enter the transporter and appear at another place.
d - a potion of resistance
There are no items here.
You open the gate.
Found a smoky cyan potion, 32 gold pieces and 29 stones.
Found a transporter.
A fire bat comes into view.
There is an open gate here.
You feel protected.
You are engulfed in blazing flames.
You resist.
You are engulfed in blazing flames.
You resist.
You die...

*,*,* *,*,,,,,,,,,,,,,,##.
*,*,**********,******##########..
*,*,,,,,,,,,,,,,,,,,,,..o........
*,,,***,,,,#######,,,,,....,..#..
,,*,,,,,,**#°☼°°b########'###.#..
*,******,*##○°○○○#°°○°○○#...#.##.
>,,,,,,,,###☼○○☼○#○☼°☼○☼#...#....
,*,,,,,,,..#$$.○☼°.#.#°☼#........
,,,,,,,,,.©#©!.○@○...©°○#©..#..#.
,,,,,,,,,..#($.○°○.#.#°☼#..##..##
,*,,,,,,,..#°☼○○☼#°☼○°○○#...#..##
,**,,***,..#☼°○°°#○○○○○○#...#..##
,***,,***.,#○○○○○########...#..##
,+,**,,,,,,#######,,,,,,........#
,***,*,,*,,,,,,,,,,,,,,.........+
,**,,**,,,*,,,,,*,**,,*##.##...,#
,*,,,***,,*,,,,,*,*,,,**#.#*....*


You could see a fire bat (asleep).

Vanquished Creatures
  A hound skeleton (D:4)
  2 jackals (D:4)
  A kobold (D:4)
4 creatures vanquished.

Notes
Turn   | Place    | Note
-------+----------+-------------------------------------------
     0 | D:5      | flotson the Demonspawn Delver began the quest for the Orb.
     0 | D:5      | Reached XP level 1. HP: 18/18 MP: 1/1
     6 | D:5      | Noticed a phantom
    42 | D:4      | Gained mutation: You have a pair of small horns on your
                  | head. [demonic ancestry]
    42 | D:4      | Reached XP level 2. HP: 14/24 MP: 2/2
    43 | D:4      | Found a transporter.
    56 | D:4      | Found a transporter.
    57 | D:4      | Noticed a fire bat
    59 | D:4      | Engulfed by a cloud of flame

Illustrated notes

Levels and vault maps discovered:
D:4:      gammafunk_cloud_chamber, layout_basic, amcnicky_altar_gilded,
          serial_shops, shop, nicolae_ossuary_entry_giza, nrook_uturn,
          uniq_duvessa
D:5:      lemuel_ice_spiral_2, layout_basic

Skill      XL: |  1 |
---------------+----+-----
Axes           | 2 |  2.1
Dodging        | 2 |  2.0
Fighting       | |  3.2
Armour         | |  0.7
Stealth        | |  4.5

Action                   || total
-------------------------++-------
Melee: Hand axe          ||    13
  Use: Scroll            ||     1
       Potion            ||     1
Armor: Leather armour    ||     7
Dodge: Dodged            ||     8

Table legend: (Time is in decaauts)
 A = Elapsed time spent in this place.
 B = Non-inter-level travel time spent in this place.
 C = Inter-level travel time spent in this place.
 D = Time resting spent in this place.
 E = Time spent auto-exploring this place.
 F = Levels seen in this place.
 G = Mean time per level.
                   A        B        C        D        E       F      G
               +--------+--------+--------+--------+--------+-----+--------+
         Total |     61 |     61 |      0 |      0 |      6 |   2 |   30.5 |
       Dungeon |     61 |     61 |      0 |      0 |      6 |   2 |   30.5 |
               +--------+--------+--------+--------+--------+-----+--------+

Top non-repeatable levels by time:
     D:4: 47 daAuts
     D:5: 14 daAuts
